 Dungeon Sprint DCSS version 0.24.0-123-gd5b16e6ec5 (webtiles) character file.

Game seed: 4139185160579646071, levelgen mode: deterministic

306 Groucho the Covert (level 6, -4/41 HPs)
             Began as a Halfling Skald on Jan 12, 2020.
             Slain by a gargoyle
             ... wielding a +0 mace
              (19 damage)
             ... in the Dungeon (Sprint IX: "|||||||||||||||||||||||||||||").
             The game lasted 00:03:54 (1106 turns).

Groucho the Covert (Halfling Skald)                 Turns: 1106, Time: 00:03:55

Health: -4/41      AC:  3    Str: 15    XL:     6   Next: 67%
Magic:  13/13      EV: 15    Int: 14    God:
Gold:   0          SH:  0    Dex: 16    Spells: 13/14 levels left

rFire    . . .     SeeInvis .   a - +0 short sword
rCold    . . .     Gourm    .   (shield restricted)
rNeg     . . .     Faith    .   b - +0 leather armour
rPois    .         Spirit   .   (no helmet)
rElec    .         Reflect  .   (no cloak)
rCorr    .         Harm     .   (no gloves)
MR       .....     NoTele   +   (no boots)
Stlth    ++++......             (no amulet)
HPRegen  0.13/turn              l - +3 ring of intelligence
MPRegen  0.13/turn              m - +3 ring of strength

@: very slightly contaminated, invisible
A: small, mutation resistance 1
a: no special abilities


You were in the Dungeon.
You were not hungry.

You visited 1 branch

Inventory:

Hand Weapons
 a - a +0 short sword (weapon)
 k - a +2 rapier of draining
Armour
 b - a +0 leather armour (worn)
Jewellery
 l - a +3 ring of intelligence (left hand)
 m - a +3 ring of strength (right hand)
Wands
 i - a wand of iceblast (10)
Scrolls
 f - 3 scrolls of remove curse
 g - 2 scrolls of amnesia
 j - 2 scrolls of blinking
Potions
 d - 2 potions of heal wounds
 e - 4 potions of curing
 h - 4 potions of magic


   Skills:
 + Level 2.6 Fighting
 + Level 3.7 Short Blades
 - Level 1.1 Armour
 + Level 3.2 Dodging
 * Level 10.3 Stealth
 + Level 4.9 Spellcasting
 + Level 7.5 Charms


You had 13 spell levels left.
You knew the following spells:

 Your Spells              Type           Power        Failure   Level  Hunger
a - Infusion              Chrm           ###.         1%          1    None

Your spell library contained the following spells:

 Spells                   Type           Power        Failure   Level  Hunger
 Song of Slaying          Chrm           ###.....     1%          2    ##.....
 Shroud of Golubria       Chrm/Tloc      ##....       7%          2    ##.....
 Regeneration             Chrm/Necr      ##........   14%         3    ###....
 Spectral Weapon          Hex/Chrm       ##......     14%         3    ###....


Dungeon Overview and Level Annotations

Branches:
Dungeon (1/1)

Altars:
Cheibriados
Dithmenos
Elyvilon
Fedhas
Gozag
Hepliaklqana
Kikubaaqudgha
Makhleb
Nemelex Xobeh
Okawaru
Qazlal
Ru
Sif Muna
Trog
Uskayaw
Vehumet
Wu Jian
Xom
Yredelemnul
Zin
The Shining One
Beogh
Jiyva
Lugonu


Innate Abilities, Weirdness & Mutations

You are small and have problems with some larger weapons.
You are somewhat resistant to further mutation.


Message History

The gargoyle hits you with a +0 mace!!
You are very lightly contaminated with residual magic.
You hit the gargoyle but do no damage. The gargoyle misses you.
You hit the gargoyle.
The gargoyle is lightly damaged.
The gargoyle hurls a stone arrow at you.
The stone arrow misses you.
You hit the gargoyle but do no damage.
The gargoyle is lightly damaged.
The gargoyle hits you with a +0 mace!
You hit the gargoyle but do no damage.
You strike the helpless gargoyle from behind!
You puncture the gargoyle!
The gargoyle is heavily damaged.
The gargoyle hits you but does no damage.
You hit the gargoyle but do no damage.
The gargoyle is heavily damaged.
The adder hisses angrily.
The gargoyle hits you with a +0 mace!!
You die... ▓▓▓▓▓▓▓▓▓▓▓▓▓▓▓▓▓▓▓▓▓▓▓ _____'..|)[[[..'@9SJZs+ ▓▓▓▓▓▓▓▓▓▓▓▓▓▓▓▓▓▓▓▓▓▓▓

You could see a gargoyle, a scorpion (sleeping), a jelly (sleeping), an adder (wandering) and an adder skeleton (wandering).

Vanquished Creatures
  A sky beast (D)
  2 necrophages (D)
  A worker ant (D)
  An adder (D)
  A bat skeleton (D)
  A goblin (D)
  2 hobgoblins (D)
  A frilled lizard (D)
  A rat (D)
11 creatures vanquished.

Notes
Turn   | Place    | Note
-------+----------+-------------------------------------------
     0 | D        | Groucho the Halfling Skald began the quest for the Orb.
     0 | D        | Reached XP level 1. HP: 14/14 MP: 3/3
     4 | D        | Reached skill level 1 in Stealth
    15 | D        | Reached skill level 2 in Stealth
   532 | D        | Noticed a worker ant
   532 | D        | Noticed a necrophage
   532 | D        | Noticed a necrophage
   536 | D        | Killed a worker ant
   536 | D        | Reached skill level 4 in Stealth
   536 | D        | Reached XP level 2. HP: 19/19 MP: 3/5
   536 | D        | Reached XP level 3. HP: 24/24 MP: 4/7
   540 | D        | Killed a necrophage
   540 | D        | Reached skill level 7 in Stealth
   540 | D        | Reached XP level 4. HP: 27/29 MP: 4/9
   540 | D        | Reached XP level 5. HP: 32/34 MP: 4/10
   565 | D        | Killed a necrophage
   565 | D        | Reached skill level 9 in Stealth
   565 | D        | Reached XP level 6. HP: 15/37 MP: 7/12
   589 | D        | Found a roughly hewn altar of Beogh.
   589 | D        | Found a snail-covered altar of Cheibriados.
   589 | D        | Found a shadowy altar of Dithmenos.
   589 | D        | Found a white marble altar of Elyvilon.
   589 | D        | Found a blossoming altar of Fedhas.
   589 | D        | Found an opulent altar of Gozag.
   590 | D        | Found a hazy altar of Hepliaklqana.
   591 | D        | Found a viscous altar of Jiyva.
   592 | D        | Found an ancient bone altar of Kikubaaqudgha.
   593 | D        | Found a corrupted altar of Lugonu.
   594 | D        | Found a burning altar of Makhleb.
   595 | D        | Found a sparkling altar of Nemelex Xobeh.
   596 | D        | Found an iron altar of Okawaru.
   597 | D        | Found a stormy altar of Qazlal.
   598 | D        | Found a sacrificial altar of Ru.
   599 | D        | Found a shimmering blue altar of Sif Muna.
   600 | D        | Found a bloodstained altar of Trog.
   601 | D        | Found a hide-covered altar of Uskayaw.
   602 | D        | Found a radiant altar of Vehumet.
   603 | D        | Found an ornate altar of the Wu Jian Council.
   604 | D        | Found a shimmering altar of Xom.
   605 | D        | Found a basalt altar of Yredelemnul.
   606 | D        | Found a glowing silver altar of Zin.
   607 | D        | Found a glowing golden altar of the Shining One.
  1096 | D        | Noticed a sky beast
  1096 | D        | Noticed a gargoyle
  1098 | D        | Killed a sky beast
  1098 | D        | Reached skill level 10 in Stealth
  1106 | D        | Slain by a gargoyle

Levels and vault maps discovered:
D:        linesprint [early_d, line_temple, items_1, d_10, items_2, lair_1,
          lair_end, items_3, orc_1, orc_end, items_4, d_15, swamp_1, shoals_1,
          snake_1, spider_1, d_20, vaults_1, items_5, swamp_end, shoals_end,
          snake_end, spider_end, vaults_end, d_27, items_6, zot_1, zot_end,
          crypt_end, forest_end, elf_end, slime_end, tomb_end, abyss_end,
          pan_hell_end]

Skill      XL: |  1  2  3  4  5  6 |
---------------+-------------------+-----
Stealth        | 4 7 9 10 | 10.3
Spellcasting   | 2 3 4 |  4.9
Charms         | 4 6 7 |  7.5
Fighting       | 2 |  2.6
Short Blades   | 3 |  3.7
Dodging        | 3 |  3.2
Armour         | |  1.1

Action                   |  1- 3 |  4- 6 || total
-------------------------+-------+-------++-------
Melee: Short sword       |    37 |    46 ||    83
  Use: Potion            |     1 |     4 ||     5
 Stab: Invisible         |       |     1 ||     1
       Sleeping          |       |     1 ||     1
  Eat: Ration            |       |     1 ||     1
Armor: Leather armour    |     4 |     8 ||    12
Dodge: Dodged            |    16 |    36 ||    52
